 Dungeon Crawl Stone Soup version 0.29-a0-648-g6b26cc9f40 (webtiles) character file.

Game seed: 13719440488325256700

125766 DocClef the Impaler (level 16, -2/147 HPs)
             Began as a Minotaur Fighter on June 20, 2022.
             Was a High Priest of Okawaru.
             Slain by a ghoul (4 damage)
             ... on level 2 of the Swamp.
             The game lasted 00:41:18 (24759 turns).

DocClef the Impaler (Minotaur Fighter)             Turns: 24759, Time: 00:41:19

Health: -2/147     AC: 20    Str: 42    XL:     16   Next: 42%
Magic:  22/25      EV: 12    Int:  5    God:    Okawaru [*****.]
Gold:   1537       SH: 15    Dex: 11    Spells: 15/15 levels left

rFire   + . .      SeeInvis .   P - +2 spear of the Realm of Zot {spect, Str+4}
rCold   . . .      Faith    .   E - +1 kite shield "Biru" {Str+4}
rNeg    . . .      Spirit   .   c - +0 swamp dragon scales
rPois   +          Reflect  .   (helmet restricted)
rElec   .          Harm     .   n - +1 cloak {rCorr}
rCorr   +          Rampage  .   W - +0 pair of gloves
Will    +....                   K - +1 pair of boots {Fly}
Stlth   ++++......              g - amulet of regeneration
HPRegen 1.14/turn               H - ring "Vasot" {Fire rCorr Str+6}
MPRegen 0.19/turn               U - ring of Lady Luck {Wiz rC+}

@: heroic, flying
A: horns 2, retaliatory headbutt
a: Renounce Religion, Heroism, Finesse, Duel


You were on level 2 of the Swamp.
You worshipped Okawaru.
Okawaru was extremely pleased with you.
You visited 4 branches of the dungeon, and saw 23 of its levels.
You also visited: Bailey.

You collected 1565 gold pieces.
You spent 28 gold pieces at shops.

Inventory:

Hand Weapons
 w - a +2 halberd of protection
 O - the +5 sword of Power {vorpal}
   (You found it in a bailey)

   It inflicts extra damage upon your enemies.
   It occasionally discharges a powerful but inaccurate bolt of energy upon
   striking a foe, with increased chance the greater the wielder's current
   health.
 P - the +2 spear of the Realm of Zot (weapon) {spect, Str+4}
   (Okawaru gifted it to you on level 8 of the Dungeon)

   When its wielder attacks, the weapon's spirit leaps out and strikes again.
   The spirit shares a part of any damage it takes with its wielder.
   Str:       It affects your strength (+4).
Missiles
 a - 4 throwing nets (quivered)
Armour
 c - +0 swamp dragon scales (worn)
 n - a +1 cloak of preservation (worn)
 E - the +1 kite shield "Biru" (worn) {Str+4}
   (Okawaru gifted it to you on level 2 of the Swamp)

   Str:       It affects your strength (+4).
 G - a scarf of resistance
 K - a +1 pair of boots of flying (worn)
 Q - the +1 shadow dragon scales of Salvation {Int+5 Stlth++++}
   (Okawaru gifted it to you on level 10 of the Dungeon)

   Int:       It affects your intelligence (+5).
   Stlth:     It makes you much more stealthy.
 W - a +0 pair of gloves (worn)
Jewellery
 g - an amulet of regeneration (around neck)
 j - a +6 ring of strength
 y - a ring of flight
 H - the ring "Vasot" (left hand) {Fire rCorr Str+6}
   (You found it on level 6 of the Dungeon)

   [ring of fire]

   It enhances your fire magic.
   Str:       It affects your strength (+6).
   rF:        It protects you from fire.
   rC:        It makes you vulnerable to cold.
   rCorr:     It protects you from acid and corrosion.
 M - an amulet of reflection
 U - the ring of Lady Luck (right hand) {Wiz rC+}
   (You found it on level 3 of the Lair of Beasts)

   [ring of wizardry]

   It improves your spell success rate.
   rC:        It protects you from cold.
 V - a ring of resist corrosion
 Y - a ring of see invisible
 Z - a +6 ring of dexterity
Wands
 e - a wand of flame (44)
 p - a wand of digging (15)
 s - a wand of polymorph (8)
 C - a wand of iceblast (25)
 F - a wand of paralysis (13)
 S - a wand of light (23)
Scrolls
 b - 2 scrolls of vulnerability
 h - 5 scrolls of poison
 k - 12 scrolls of identify
 o - 14 scrolls of teleportation
 u - 4 scrolls of amnesia
 x - a scroll of enchant armour
 B - 5 scrolls of enchant weapon
 D - 3 scrolls of immolation
 J - 3 scrolls of fear
 N - a scroll of magic mapping {unknown}
 T - a scroll of fog
Potions
 d - 5 potions of might
 f - 13 potions of curing
 i - a potion of haste
 l - 2 potions of resistance
 m - 4 potions of heal wounds
 q - 5 potions of lignification
 r - 4 potions of invisibility
 t - 5 potions of magic
 v - a potion of cancellation
 z - 3 potions of berserk rage
 I - 4 potions of brilliance
 L - 2 potions of mutation
 R - 2 potions of attraction
 X - 3 potions of ambrosia


   Skills:
 - Level 14.9(19.9) Fighting
 - Level 2.4(15.6) Axes
 - Level 15.9(21.0) Polearms
 - Level 14.0(19.0) Armour
 - Level 6.3(11.3) Stealth
 + Level 13.7(18.7) Shields
 - Level 14.0 Invocations


You had 15 spell levels left.
You didn't know any spells.
Your spell library contained the following spells:

 Spells                   Type           Power      Damage    Failure   Level
 Magic Dart               Conj           0%         1d3       34%         1
 Shock                    Conj/Air       0%         1d3       34%         1
 Sting                    Tmut/Pois      0%         1d3       34%         1
 Ensorcelled Hibernation  Hex/Ice        0%         N/A       45%         2
 Poisonous Vapours        Pois/Air       0%         N/A       45%         2
 Searing Ray              Conj           0%         2d4       45%         2
 Static Discharge         Conj/Air       0%         N/A       45%         2
 Confusing Touch          Hex            0%         N/A       69%         3
 Gell's Gravitas          Tloc           0%         N/A       69%         3
 Lesser Beckoning         Tloc           0%         N/A       69%         3
 Mephitic Cloud           Conj/Pois/Air  0%         N/A       69%         3
 Ozocubu's Armour         Ice            0%         N/A       69%         3
 Spider Form              Tmut/Pois      0%         N/A       69%         3
 Swiftness                Air            0%         N/A       69%         3
 Teleport Other           Tloc           0%         N/A       69%         3
 Airstrike                Air            0%         N/A       97%         4
 Anguish                  Hex/Necr       0%         N/A       97%         4
 Dispel Undead            Necr           0%         3d6       97%         4
 Hailstorm                Conj/Ice       0%         3d3       97%         4
 Olgreb's Toxic Radiance  Pois           0%         N/A       97%         4
 Sticky Flame             Conj/Fire      0%         2d3       97%         4
 Alistair's Intoxication  Tmut/Pois      0%         N/A       100%        5
 Borgnjor's Vile Clutch   Necr/Erth      0%         N/A       100%        5
 Yara's Violent Unravell  Hex/Tmut       0%         3d3       100%        5
 Conjure Ball Lightning   Conj/Air       0%         3x3d6     100%        6
 Dispersal                Tloc           0%         N/A       100%        6
 Eringya's Noxious Bog    Tmut/Pois      0%         N/A       100%        6
 Enfeeble                 Hex            0%         N/A       100%        7
 Ozocubu's Refrigeration  Ice            0%         4d5       100%        7
 Call Imp                 Summ           Unusable   N/A       N/A         2

Dungeon Overview and Level Annotations

Branches:
Dungeon (13/15) Temple (1/1) D:5 Lair (6/6) D:8 Swamp (3/4) Lair:2 Spider (0/4) Lair:2 Slime (0/5) Lair:6 Orc (0/2) D:10 Vaults (0/5) D:12 D:13 Bailey (visited)

Altars:
Ashenzari
Cheibriados
Dithmenos
Elyvilon
Fedhas
Gozag
Hepliaklqana
Kikubaaqudgha
Makhleb
Nemelex Xobeh
Okawaru
Qazlal
Ru
Sif Muna
Trog
Uskayaw
Vehumet
Wu Jian
Xom
Yredelemnul
Zin
The Shining One
Beogh

Shops:
D:2 =   D:6 [   D:9 [[:[   D:10 (*=   D:12 *

Annotations:
D:11 1 runed translucent door
D:13 Rupert, Urug


Innate Abilities, Weirdness & Mutations

You have a pair of horns on your head.
You reflexively headbutt those who attack you in melee.


Message History

Unknown command.
The bog body attacks as you move away! The bog body touches you.
The bog body freezes you!!
There is a stone staircase leading up here.
The ghoul claws you. The ghoul claws you!
* * * LOW HITPOINT WARNING * * *
You fly upwards.
There is a stone staircase leading down here.
You gain the combat prowess of a mighty hero.
The bog body touches you!
* * * LOW HITPOINT WARNING * * *
The bog body freezes you!!
* * * LOW HITPOINT WARNING * * *
The bog body casts a spell at you. The bolt of cold misses you.
You block the ghoul's attack. The ghoul claws you but does no damage.
You feel much better. You block the bog body's attack.
The bog body points at you and mumbles some strange words.
The bolt of cold misses you. You block the ghoul's attack.
The ghoul claws you but does no damage.
You feel more experienced!
You have reached level 16!
You feel agile.
The bog body points at you and mumbles some strange words.
The bolt of cold misses you. You block the bog body's attack.
The ghoul claws you!
* * * LOW HITPOINT WARNING * * *
The ghoul claws you but does no damage.
You feel much better.
The bog body points at you and mumbles some strange words.
The bolt of cold hits you!
* * * LOW HITPOINT WARNING * * *
The bog body touches you.
* * * LOW HITPOINT WARNING * * *
The bog body freezes you!!
* * * LOW HITPOINT WARNING * * *
The ghoul claws you!
* * * LOW HITPOINT WARNING * * *
The ghoul claws you.
You die...

≈...♣♣♣♣♣♣♣..≈≈≈≈≈.≈≈≈≈≈.♣
§P.♣♣♣.......≈≈≈≈.§≈..♣♣♣♣
P......≈..≈.≈≈≈≈§.≈≈>♣♣
..§≈≈.....≈≈≈§≈≈≈≈.≈♣♣
..≈≈.........≈≈≈°...≈♣
.≈....######.≈≈≈°...♣♣
.....#.....#≈≈≈≈§≈≈.♣♣
.≈...#......§≈≈n°≈≈≈.♣♣
≈≈≈..#.....≈≈≈..@n.≈.≈♣♣
.....#..≈..≈≈≈♣≈n......♣
♣♣♣.:#..≈...♣♣♣.≈≈..≈≈.♣
♣.≈≈.#..≈..♣♣ ♣.≈≈≈.≈≈.♣
♣≈≈..#...≈≈♣ ♣♣♣..♣≈...♣
♣....##..≈≈♣♣♣.....♣♣♣♣♣
♣♣.≈...≈.)♣♣♣..≈≈≈.♣♣
♣♣.≈....♣♣♣♣≈≈.≈≈≈..♣♣♣♣♣
♣♣≈.≈.≈♣♣♣♣≈.....≈≈..♣≈.♣♣


You could see a ghoul and 2 bog bodies.

Vanquished Creatures
  3 thorn hunters
  The ghost of Phlounder the Eclecticist, an adept DjHW of Makhleb (Swamp:2)
  A ghoul (Swamp:3)
  A dire elephant (Lair:6)
  3 eleionomae
  A bunyip (Swamp:3)
  A fire dragon (Lair:6)
  12 hydras
  A shambling mangrove (Swamp:2)
  Harold (D:9)
  3 catoblepae
  A spriggan air mage (Swamp:2)
  2 two-headed ogres (D:11)
  6 alligators
  7 death yaks
  Sonja (Lair:3)
  3 spriggans (Swamp:1)
  A fire crab (Lair:6)
  5 goliath frogs
  7 bog bodies
  3 swamp dragons
  An orc knight (Bailey)
  A lindwurm (Lair:6)
  A deep elf pyromancer (Bailey)
  Pikel (D:7)
  An ugly thing (D:12)
  A will-o-the-wisp (Lair:2)
  18 elephants
  4 manticores
  The ghost of xian the Destroyer, a novice TeCj (D:6)
  An eye of devastation (Lair:6)
  4 black mambas
  10 cane toads
  2 unseen horrors
  A torpor snail (Lair:6)
  2 rime drakes
  7 komodo dragons
  A meliai (Lair:1)
  7 trolls
  A polar bear (Lair:4)
  Prince Ribbit (D:9)
  6 tyrant leeches
  5 hornets
  Grinder (D:6)
  5 slime creatures (D:12)
  2 dream sheep (Lair:6)
  7 wyverns
  3 shadows
  A vampire (D:11)
  3 wraiths
  59 yaks
  7 humans (D:12)
  5 basilisks
  13 vampire mosquitoes
  3 steam dragons
  6 swamp worms
  An acid dragon (Lair:6)
  A warg (D:10)
  15 water moccasins
  A floating eye (Lair:6)
  3 sky beasts
  4 swamp drakes
  Duvessa (D:4)
  2 ice beasts
  8 orc warriors
  5 black bears
  3 ogres
  22 wolves
  4 centaurs
  A lemure (D:7)
  A phantom (D:6)
  2 kobold brigands
  7 bullfrogs
  A scorpion (D:5)
  2 gnoll sergeants (D:9)
  A necrophage (D:4)
  16 wights
  Dowan (D:4)
  3 troll zombies (Swamp:2)
  22 killer bees
  4 howler monkeys
  3 hounds
  A gnoll shaman (D:6)
  3 jellies (D:6)
  6 orc priests
  6 iguanas
  11 orc wizards
  2 bullfrog simulacra (D:6)
  20 gnolls
  8 adders
  2 shadow imps (D:6)
  4 white imps
  A howler monkey simulacrum (D:6)
  An ufetubus (D:5)
  2 worms (D:3)
  A dart slug (D:3)
  52 orcs
  6 endoplasms
  6 giant cockroaches
  14 goblins
  6 hobgoblins
  7 jackals
  4 quokkas
  9 ball pythons
  7 bats
  2 frilled lizards
  10 kobolds
  6 rats
587 creatures vanquished.

Vanquished Creatures (others)
  2 bloated husks (Swamp:2)
  A vampire mosquito (Swamp:2)
  A swamp worm (Swamp:2)
  3 briar patches (Swamp:2)
  22 fungi
  64 plants
93 creatures vanquished.

Grand Total: 680 creatures vanquished

Notes
Turn   | Place    | Note
-------+----------+-------------------------------------------
     0 | D:1      | DocClef the Minotaur Fighter began the quest for the Orb.
     0 | D:1      | Reached XP level 1. HP: 19/19 MP: 0/0
   176 | D:1      | Reached XP level 2. HP: 28/28 MP: 1/1
  1062 | D:2      | Reached skill level 5 in Fighting
  1062 | D:2      | Reached XP level 3. HP: 32/36 MP: 2/2
  1432 | D:2      | Found Owaes's Jewellery Shop.
  1470 | D:2      | Found a faded altar of an unknown god.
  1895 | D:3      | Found a sacrificial altar of Ru.
  2005 | D:3      | Found a hide-covered altar of Uskayaw.
  2152 | D:3      | Reached XP level 4. HP: 36/44 MP: 3/3
  2533 | D:3      | Reached XP level 5. HP: 52/52 MP: 4/4
  3216 | D:4      | Reached XP level 6. HP: 61/61 MP: 5/5
  3381 | D:4      | Got the Grimoire of Floating Damage Dealing
  3413 | D:4      | Noticed Duvessa
  3413 | D:4      | Noticed Dowan
  3424 | D:4      | Killed Duvessa
  3429 | D:4      | Killed Dowan
  3654 | D:4      | Found a shimmering blue altar of Sif Muna.
  3750 | D:5      | Entered Level 5 of the Dungeon
  3750 | D:5      | Found a staircase to the Ecumenical Temple.
  3759 | D:5      | Reached XP level 7. HP: 47/71 MP: 6/6
  3760 | D:5      | Reached skill level 10 in Fighting
  3850 | Temple   | Entered the Ecumenical Temple
  3941 | Temple   | Became a worshipper of Warmaster Okawaru
  4008 | D:5      | Found a runed translucent door.
  4560 | D:6      | Reached * piety under Okawaru
  4561 | D:6      | Reached XP level 8. HP: 70/83 MP: 7/7
  4753 | D:6      | Found Zaerel's Armour Emporium.
  4755 | D:6      | Noticed Grinder
  4763 | D:6      | Paralysed by Grinder for 5 turns
  4780 | D:6      | Killed Grinder
  4781 | D:6      | Reached skill level 3 in Polearms
  4825 | D:6      | Noticed xian's ghost (novice TeCj)
  4890 | D:6      | Reached skill level 4 in Polearms
  4896 | D:6      | Found a runed translucent gate.
  4896 | D:6      | Found a runed translucent gate.
  4896 | D:6      | Found a runed translucent gate.
  4935 | D:6      | Reached skill level 5 in Polearms
  4954 | D:6      | Reached skill level 6 in Polearms
  5339 | D:7      | Reached skill level 7 in Polearms
  5535 | D:7      | Reached ** piety under Okawaru
  5537 | D:7      | Reached XP level 9. HP: 90/90 MP: 8/8
  5551 | D:7      | Reached skill level 8 in Polearms
  5589 | D:7      | Reached skill level 9 in Polearms
  5597 | D:7      | Reached skill level 10 in Polearms
  5637 | D:7      | Noticed Pikel
  5645 | D:7      | Killed Pikel
  5645 | D:7      | Reached *** piety under Okawaru
  5646 | D:7      | Reached skill level 11 in Polearms
  5714 | D:7      | Reached skill level 12 in Polearms
  6136 | D:7      | Reached **** piety under Okawaru
  6137 | D:7      | Reached XP level 10. HP: 89/97 MP: 9/9
  6247 | D:5      | Reached skill level 13 in Polearms
  6316 | D:5      | Paralysed by an orc for 3 turns
  6804 | D:6      | Killed xian's ghost
  6808 | D:6      | Got the ring "Vasot" {Fire rCorr Str+6}
  6923 | D:8      | Found a staircase to the Lair.
  6923 | D:8      | Noticed an elephant
  6930 | D:8      | Reached skill level 14 in Polearms
  6940 | D:8      | Killed an elephant
  7142 | D:8      | Reached skill level 15 in Polearms
  7199 | D:8      | Reached ***** piety under Okawaru
  7241 | D:8      | Found a flagged portal.
  7254 | Bailey   | Entered a bailey
  7318 | Bailey   | Noticed an orc knight
  7385 | Bailey   | Killed an orc knight
  7502 | Bailey   | Found a large runed translucent door.
  7502 | Bailey   | Found a large runed translucent door.
  7503 | Bailey   | Noticed a deep elf pyromancer
  7506 | Bailey   | Found the +5 sword of Power {vorpal}
  7642 | Bailey   | Killed a deep elf pyromancer
  7643 | Bailey   | Reached XP level 11. HP: 105/105 MP: 2/10
  7891 | D:8      | Identified the +2 spear of the Realm of Zot {spect, Str+4}
                  | (Okawaru gifted it to you on level 8 of the Dungeon)
  7891 | D:8      | Received a gift from Okawaru
  8166 | D:9      | Found Huleaggu's Armour Boutique.
  8410 | D:9      | Found Xixkerch's Armour Boutique.
  8453 | D:9      | Noticed Prince Ribbit
  8457 | D:9      | Killed Prince Ribbit
  8481 | D:9      | Noticed Harold
  8495 | D:9      | Killed Harold
  8544 | D:9      | Found Tavvises's Book Boutique.
  8690 | D:9      | Found Zohellei's Antique Armour Shop.
  8773 | D:9      | Found a radiant altar of Vehumet.
  8791 | D:9      | Found a basalt altar of Yredelemnul.
  8969 | D:10     | Entered Level 10 of the Dungeon
  8998 | D:10     | Found Carar's Assorted Antiques.
  9009 | D:10     | Found Hotid's Antique Weapon Shoppe.
  9053 | D:10     | Reached skill level 5 in Shields
  9115 | D:10     | Identified the +1 shadow dragon scales of Salvation {Int+5
                  | Stlth++++} (Okawaru gifted it to you on level 10 of the
                  | Dungeon)
  9115 | D:10     | Received a gift from Okawaru
  9327 | D:10     | Found Lackopno's Jewellery Boutique.
  9431 | D:10     | Found a glowing golden altar of the Shining One.
  9461 | D:10     | Found a staircase to the Orcish Mines.
  9637 | D:10     | Noticed a six-headed hydra
  9646 | D:10     | Killed a six-headed hydra
  9873 | D:11     | Noticed a two-headed ogre
  9878 | D:11     | Killed a two-headed ogre
  9879 | D:11     | Reached skill level 5 in Armour
 10313 | D:11     | Noticed a seven-headed hydra
 10847 | D:11     | Noticed a two-headed ogre
 10852 | D:11     | Killed a two-headed ogre
 10853 | D:11     | Reached XP level 12. HP: 117/117 MP: 11/11
 10856 | D:11     | Noticed a storm dragon
 10856 | D:11     | Noticed a frost giant
 10857 | D:11     | Found a runed translucent door.
 10859 | D:11     | Noticed a fire giant
 10859 | D:11     | Noticed an ettin
 10859 | D:11     | Noticed an ettin
 10859 | D:11     | Found the +3 hat of Pondering {ponderous, Will+ MP+10
                  | Int+5}
 11298 | Lair:1   | Entered Level 1 of the Lair of Beasts
 11298 | Lair:1   | Noticed a seven-headed hydra
 11306 | Lair:1   | Killed a seven-headed hydra
 11450 | Lair:1   | Reached skill level 10 in Armour
 12310 | Lair:2   | Found a hole to the Spider Nest.
 12445 | Lair:2   | Noticed a death yak
 12445 | Lair:2   | Noticed a death yak
 12446 | Lair:2   | Noticed a death yak
 12447 | Lair:2   | Noticed a death yak
 12455 | Lair:2   | Killed a death yak
 12455 | Lair:2   | Reached ****** piety under Okawaru
 12467 | Lair:2   | Killed a death yak
 12476 | Lair:2   | Killed a death yak
 12495 | Lair:2   | Killed a death yak
 13196 | Lair:2   | Reached skill level 1 in Invocations
 13426 | Lair:2   | Noticed a catoblepas
 13443 | Lair:2   | Killed a catoblepas
 13460 | Lair:2   | Found a staircase to the Swamp.
 13852 | Lair:3   | Noticed Sonja
 13859 | Lair:3   | Killed Sonja
 13860 | Lair:3   | Reached XP level 13. HP: 106/124 MP: 14/14
 13977 | Lair:3   | Identified the +6 dire flail "Orodufed" {drain, Fly rF++
                  | Int+4} (Okawaru gifted it to you on level 3 of the Lair of
                  | Beasts)
 13977 | Lair:3   | Received a gift from Okawaru
 14182 | Lair:3   | Reached skill level 5 in Invocations
 14620 | Lair:3   | Identified the ring of Lady Luck {Wiz rC+}
 16074 | Lair:5   | Received a gift from Okawaru
 16713 | Lair:6   | Entered Level 6 of the Lair of Beasts
 16904 | Lair:6   | Reached skill level 10 in Invocations
 17345 | Lair:6   | Received a gift from Okawaru
 17352 | Lair:6   | Paralysed by a floating eye for 4 turns
 17364 | Lair:6   | Paralysed by a floating eye for 3 turns
 17910 | Lair:6   | Found a staircase to the Slime Pits.
 18440 | Lair:6   | Reached XP level 14. HP: 132/132 MP: 21/21
 19301 | Lair:6   | Received a gift from Okawaru
 20337 | D:11     | Noticed a broodmother
 20337 | D:11     | a satyr changed into a broodmother
 20339 | D:11     | a broodmother changed into an alligator
 20736 | D:12     | Reached skill level 1 in Stealth
 20885 | D:12     | Found an iron altar of Okawaru.
 21042 | D:12     | Found Hionasum's Assorted Antiques.
 21045 | D:12     | Bought a scroll labelled VYSUMU NUATE for 28 gold pieces
 21136 | D:13     | Noticed Rupert
 21136 | D:13     | Noticed Urug
 21136 | D:13     | Found a gate to the Vaults.
 21430 | Swamp:1  | Entered Level 1 of the Swamp
 21912 | Swamp:1  | Reached skill level 5 in Stealth
 22877 | Swamp:2  | Identified the +1 kite shield "Biru" {Str+4} (Okawaru
                  | gifted it to you on level 2 of the Swamp)
 22877 | Swamp:2  | Received a gift from Okawaru
 23142 | Swamp:2  | Noticed a thorn hunter
 23158 | Arena    | Entered the Arena
 23169 | Arena    | Killed a thorn hunter
 23183 | Swamp:2  | Reached XP level 15. HP: 43/138 MP: 11/24
 23814 | Swamp:2  | Found a runed translucent door.
 23815 | Swamp:2  | Noticed Phlounder's ghost (adept DjHW)
 23854 | Swamp:2  | Reached skill level 10 in Shields
 24209 | Swamp:2  | Killed Phlounder's ghost
 24286 | Swamp:3  | Noticed a thorn hunter
 24306 | Swamp:3  | Killed a thorn hunter
 24352 | Swamp:3  | Noticed a thorn hunter
 24367 | Swamp:3  | Killed a thorn hunter
 24748 | Swamp:3  | Identified the +6 pearl dragon scales of the Planets {rN+
                  | Str+5} (Okawaru gifted it to you on level 3 of the Swamp)
 24748 | Swamp:3  | Received a gift from Okawaru
 24756 | Swamp:2  | HP: 1/138 [bog body (23)]
 24758 | Swamp:2  | Reached XP level 16. HP: 25/147 MP: 22/25
 24759 | Swamp:2  | Slain by a ghoul

Illustrated notes

Levels and vault maps discovered:
D:1:      tarquinn_simple_flora_water_f, layout_basic, serial_curves,
          eino_curves_03, eino_curves_04
D:2:      layout_basic, shapermc_ecumenical_altar_ellora, serial_shops, shop
D:3:      minmay_chambers_of_threes, layout_loops_ring,
          nicolae_overflow_hidden_temple, old_standard_altar,
          minmay_misc_feat_chi
D:4:      layout_basic, mainiacjoe_overflow_alcove_2, chequers_decorated_corner,
          kennysheep_generic_room_13, uniq_duvessa
D:5:      layout_rooms, minmay_temple_entry_slanted, lightli_church_of_beogh
D:6:      layout_gridville, serial_shops, shop, gammafunk_ghost_icy,
          uniq_grinder
D:7:      layout_basic, hangedman_abyss_or_decor_lesser_grid, uniq_pikel
D:8:      layout_gridville, david_lair_generic, enter_bailey_3
D:9:      layout_irregular_city, mainiacjoe_overflow_swirl, serial_shops,
          nicolae_diamond_shop, nicolae_shop_advertising_works
          [nicolae_subvault_shop_adworks], nicolae_shop_hallway_stairs, shop,
          uniq_harold, uniq_prince_ribbit1
D:10:     layout_basic, tso_altar, david_orc_3, serial_shops, shop, shop, shop
D:11:     minmay_gate_of_8, layout_irregular_city, minmay_checkerbox
D:12:     layout_basic, serial_shops, kennysheep_mini, okawaru_humans
D:13:     layout_basic, david_vaults_3, minmay_shop_grid_forest,
          chequers_serial_rivers_small_a, chequers_serial_rivers_micro_b
Temple:   lightli_temple_of_artemis
Lair:1:   layout_chaotic_city, serial_bayou_shore_a, serial_bayou_shore_b,
          grunt_megastairs_2
Lair:2:   layout_regular_city, minmay_swamp_entry_wisps,
          hellmonk_spider_entry_not_the_bees, serial_bayou_lagoon_a
Lair:3:   layout_hall_layers, uniq_sonja
Lair:4:   layout_regular_city
Lair:5:   layout_regular_city
Lair:6:   hangedman_lair_in_review, layout_hall_layers,
          guppyfry_lair_end_dragon, minmay_slime_entry_eyes,
          infiniplex_staircase_pool
Swamp:1:  layout_basic_swamp, nicolae_swamp_tree_designs, swamp_pool1,
          nicolae_swamp_very_dense_foliage, infiniplex_staircase_pool_2
Swamp:2:  layout_basic_swamp, ebering_ghost_inner_flame,
          evilmike_swamp_ruin_house_2, swamp_pool1, nicolae_swamp_fairy_circle,
          cheibrodos_swamp_minitomb
Swamp:3:  layout_basic_swamp, evilmike_swamp_ruin_rubble_1

Skill      XL: |  1  2  3  4  5  6  7  8  9 10 11 12 13 14 15 |
---------------+----------------------------------------------+-----
Fighting       | 4 5 7 8 9 11 12 14 | 14.9
Polearms       | 7 12 15 | 15.9
Shields        | 7 9 13 | 13.7
Armour         | 8 14 | 14.0
Invocations    | 3 11 14 | 14.0
Stealth        | 6 |  6.3
Axes           | |  2.4

Action                   |  1- 3 |  4- 6 |  7- 9 | 10-12 | 13-15 | 16-18 || total
-------------------------+-------+-------+-------+-------+-------+-------++-------
Melee: War axe           |    82 |    92 |    83 |       |       |       ||   257
       Headbutt          |     9 |    13 |    25 |    97 |   248 |       ||   392
       Halberd           |       |       |    65 |   232 |       |       ||   297
       Spear             |       |       |       |   435 |  1094 |       ||  1529
Invok: Heroism           |       |       |     1 |     5 |     9 |       ||    15
       Finesse           |       |       |       |     2 |     5 |       ||     7
       Duel              |       |       |       |       |     1 |       ||     1
  Use: Scroll            |       |     7 |     5 |     3 |    12 |       ||    27
       Potion            |       |     1 |       |       |     3 |     1 ||     5
 Stab: Distracted        |       |       |       |     6 |    38 |       ||    44
       Sleeping          |       |       |       |     6 |    19 |       ||    25
       Petrifying        |       |       |       |       |     4 |       ||     4
       Petrified         |       |       |       |       |     4 |       ||     4
Armor: Scale mail        |    37 |    23 |       |       |       |       ||    60
       Troll leather arm |       |    28 |    44 |    70 |       |       ||   142
       Shadow dragon sca |       |       |       |   121 |   418 |       ||   539
       Swamp dragon scal |       |       |       |       |     7 |     1 ||     8
Dodge: Dodged            |    43 |    59 |    85 |   182 |   200 |     1 ||   570
Block: Buckler           |    21 |    20 |    32 |    59 |    92 |       ||   224
       Kite shield       |       |       |       |       |    82 |     1 ||    83

Table legend: (Time is in decaauts)
 A = Elapsed time spent in this place.
 B = Non-inter-level travel time spent in this place.
 C = Inter-level travel time spent in this place.
 D = Time resting spent in this place.
 E = Time spent auto-exploring this place.
 F = Levels seen in this place.
 G = Mean time per level.
                   A        B        C        D        E       F      G
               +--------+--------+--------+--------+--------+-----+--------+
         Total |  24157 |  22445 |   1712 |   2350 |  16248 |  25 |  966.3 |
       Dungeon |  11850 |  10637 |   1213 |    716 |   8028 |  13 |  911.5 |
        Temple |    105 |     92 |     13 |      0 |     81 |   1 |  105.0 |
          Lair |   8534 |   8122 |    412 |   1485 |   5457 |   6 | 1422.3 |
         Swamp |   3182 |   3109 |     73 |    115 |   2471 |   3 | 1060.7 |
        Bailey |    472 |    472 |      0 |     34 |    211 |   1 |  472.0 |
         Arena |     12 |     12 |      0 |      0 |      0 |   1 |   12.0 |
               +--------+--------+--------+--------+--------+-----+--------+

Top non-repeatable levels by time:
  Lair:6: 2487 daAuts
  Lair:5: 1485 daAuts
  Lair:1: 1449 daAuts
 Swamp:1: 1415 daAuts
 Swamp:2: 1393 daAuts
    D:10: 1206 daAuts
    D:11: 1165 daAuts
     D:6: 1145 daAuts
     D:3: 1109 daAuts
  Lair:2: 1060 daAuts
     D:2: 1051 daAuts
  Lair:4: 1037 daAuts
     D:4: 1033 daAuts
  Lair:3: 1014 daAuts
     D:1: 939 daAuts
